Map: Jagannatha LE

Players

DisK

  • Race: Protoss Protoss

Antis - Winner!

  • Race: Zerg Zerg

Event: DreamHack SC2 Masters 2021 Fall

VOD

Have the link to the VOD?

Description

Time

  • Played on: Aug. 3, 2021, 4:40 p.m.
  • Length: 12:46

All games in this series

Show
View Real Time Build Order
Export as new Build Order

DisK Protoss 

Build Orders: Zealot Archon 

Get SALT Encoding   

  12  0:00  Probe  
  13  0:12  Probe  
  14  0:20  Pylon  
  14  0:24  Probe  
  15  0:39  Probe (Chrono Boost)  
  15  0:40  Gateway  
  16  0:48  Probe (Chrono Boost)  
  17  0:50  Assimilator  
  17  0:53  Probe (Chrono Boost)  
  18  1:05  Probe  
  19  1:17  Probe  
  19  1:18  Gateway  
  20  1:24  Pylon  
  20  1:26  Zealot (Chrono Boost)  
  20  1:31  Cybernetics Core  
  22  1:34  Probe  
  23  1:46  Zealot (Chrono Boost)  
  25  2:04  Adept (Chrono Boost)  
  27  2:09  Probe  
  28  2:19  Adept (Chrono Boost)  
  30  2:25  Nexus  
  30  2:40  Pylon  
  30  2:48  Probe  
  31  2:53  Warp Gate  
  31  2:55  Assimilator  
  31  2:58  Adept  
  33  3:00  Probe  
  32  3:12  Probe  
  33  3:31  Stargate  
  34  3:34  Probe (Chrono Boost)  
  34  3:38  Probe (Chrono Boost)  
  35  3:46  Probe (Chrono Boost)  
  34  3:50  Probe (Chrono Boost)  
  34  3:52  Probe (Chrono Boost)  
  36  4:00  Probe  
  37  4:03  Probe  
  38  4:13  Adept, Probe  
  38  4:15  Oracle (Chrono Boost), Probe  
  43  4:24  Shield Battery  
  43  4:25  Probe  
  43  4:27  Probe  
  43  4:31  Assimilator  
  45  4:34  Assimilator  
  45  4:37  Probe  
  46  4:40  Probe  
  46  4:41  Stalker  
  46  4:44  Pylon  
  52  4:45  Oracle  
  52  4:49  Nexus, Probe  
  52  4:52  Probe  
  54  4:54  Pylon  
  54  5:02  Probe  
  54  5:03  Robotics Facility  
  55  5:13  Probe  
  56  5:22  Probe  
  56  5:25  Probe  
  58  5:34  Probe  
  59  5:35  Twilight Council  
  59  5:36  Forge  
  59  5:38  Probe  
  59  5:39  Pylon, Gateway  
  59  5:40  Gateway  
  59  5:41  Sentry x2  
  64  5:53  Probe x2  
  66  5:57  Immortal (Chrono Boost)  
  66  5:58  Shield Battery  
  66  6:02  Probe  
  71  6:05  Probe x2  
  73  6:14  Probe (Chrono Boost)  
  73  6:18  Probe (Chrono Boost)  
  76  6:19  Protoss Ground Weapons Level 1 (Chrono Boost)  
  76  6:23  Charge  
  76  6:24  Probe (Chrono Boost)  
  77  6:26  Gateway, Probe (Chrono Boost)  
  77  6:27  Gateway  
  77  6:29  Probe (Chrono Boost)  
  77  6:30  Templar Archives  
  77  6:32  Probe (Chrono Boost)  
  78  6:33  Probe  
  78  6:36  Pylon  
  80  6:40  Pylon  
  80  6:41  Probe  
  80  6:43  Probe  
  80  6:45  Assimilator  
  80  6:46  Assimilator  
  82  6:53  Probe  
  83  6:56  Gateway  
  83  6:57  Gateway  
  83  6:59  Probe x2  
  82  7:02  Pylon  
  82  7:03  Pylon  
  82  7:06  Probe  
  82  7:08  Warp Prism (Chrono Boost)  
  85  7:25  High Templar  
  85  7:26  High Templar x3  
  85  7:28  High Templar x2  
  97  7:31  Archon  
  97  7:32  Archon x2  
  97  7:33  Pylon  
  97  7:34  Immortal (Chrono Boost)  
  102  7:37  Probe x3  
  102  7:40  Pylon  
  104  7:44  Pylon  
  104  7:54  Nexus, Stalker, Pylon  
  104  7:55  Stalker  
  108  7:58  Gateway  
  108  8:03  Gateway  
  108  8:10  Zealot x4  
  116  8:17  Zealot  
  118  8:26  Shield Battery  
  118  8:33  Stalker x4  
  124  8:38  Zealot x3  
  124  8:39  Zealot  
  98  8:53  Immortal (Chrono Boost)  
  92  8:59  Zealot x3  
  92  9:00  Zealot x5  
  92  9:14  Stalker  
  92  9:15  Stalker  
  99  9:19  Stalker  
  99  9:20  Stalker x3  
  99  9:22  Sentry x4  
  97  9:39  Stalker x2  
  97  9:44  Stalker x4  
  94  9:50  Zealot  
  94  9:51  Zealot x2  
  70  10:01  Zealot  
  70  10:06  Immortal  
  65  10:07  Stalker x3  
  66  10:23  Sentry x3  
  66  10:24  Sentry x2  
  66  10:26  Stalker  
  76  10:29  Stalker  
  78  10:41  Sentry  
  78  10:42  Sentry x2  
  84  10:55  Stalker x6  
  96  10:59  Probe (Chrono Boost)  
  96  11:00  Probe (Chrono Boost)  
  96  11:01  Probe (Chrono Boost)  
  97  11:12  Probe x2 (Chrono Boost)  
  97  11:13  Probe (Chrono Boost)  
  98  11:19  Probe x3 (Chrono Boost)  
  101  11:27  Probe  
  101  11:28  Probe  
  101  11:29  Probe  
  101  11:32  Pylon  
  104  11:33  Stalker  
  101  11:58  Pylon x2  
  101  12:11  Pylon  
  101  12:13  Pylon  
  101  12:16  Probe x3  
  101  12:17  Stalker x2  
  101  12:18  Sentry x2  
  116  12:28  Probe  
Show
View Real Time Build Order
Export as new Build Order

Antis Zerg - Winner!

Build Orders: Pool First 

Get SALT Encoding   

  12  0:17  Spawning Pool  
  11  0:22  Drone  
  11  0:27  Drone  
  13  0:32  Drone  
  14  0:41  Overlord  
  15  1:04  Zergling x4  
  15  1:05  Zergling x2  
  19  1:16  Zergling x2  
  18  1:23  Hatchery  
  17  1:27  Zergling x2  
  18  1:35  Queen  
  20  1:43  Drone  
  21  1:48  Overlord  
  21  2:03  Drone  
  22  2:12  Extractor  
  22  2:14  Drone  
  21  2:25  Drone  
  21  2:26  Queen  
  24  2:31  Drone  
  25  2:37  Drone  
  25  2:43  Drone x3  
  29  2:52  Drone  
  29  2:55  Zergling x2  
  31  2:59  Drone  
  31  3:09  Drone x2  
  32  3:13  Metabolic Boost  
  32  3:15  Overlord  
  32  3:20  Drone  
  32  3:27  Queen  
  34  3:38  Drone x5  
  39  3:43  Zergling x2  
  39  3:47  Hatchery  
  37  3:53  Zergling x2  
  37  3:55  Drone x2  
  39  4:07  Drone x3  
  41  4:14  Drone x2  
  42  4:21  Overlord  
  42  4:24  Drone x2  
  44  4:35  Overlord  
  44  4:39  Queen  
  44  4:42  Extractor, Roach Warren  
  44  4:43  Zergling x8  
  48  4:47  Overlord  
  48  4:49  Spore Crawler  
  47  4:59  Overlord  
  48  5:01  Drone x5  
  52  5:08  Drone x4  
  51  5:25  Queen x2  
  51  5:26  Drone x4  
  59  5:30  Drone x2  
  60  5:37  Drone x4  
  60  5:40  Spore Crawler  
  60  5:41  Extractor  
  62  5:44  Lair  
  62  5:47  Drone x2  
  64  5:56  Drone x3  
  64  5:57  Drone x2  
  69  6:01  Drone x2  
  71  6:04  Extractor  
  71  6:06  Extractor  
  71  6:10  Evolution Chamber  
  68  6:11  Drone x5  
  68  6:12  Extractor  
  68  6:18  Drone x2  
  73  6:21  Overlord x2  
  73  6:26  Extractor  
  72  6:33  Drone  
  72  6:35  Overlord x2  
  72  6:39  Overlord x2  
  73  6:40  Zerg Missile Weapons Level 1, Drone x2  
  73  6:41  Drone  
  73  6:42  Drone  
  73  6:43  Glial Reconstitution  
  73  6:46  Hatchery  
  76  6:49  Drone x2  
  76  6:50  Overlord x2  
  78  6:59  Roach x5  
  86  7:02  Overseer  
  86  7:06  Drone x4  
  90  7:15  Roach x3  
  96  7:20  Infestation Pit  
  95  7:23  Ravager x2  
  95  7:24  Roach x6  
  109  7:31  Roach x4  
  117  7:37  Drone  
  117  7:39  Roach x2  
  117  7:42  Overlord  
  122  7:49  Roach x2  
  122  7:50  Ravager, Roach x4  
  122  7:51  Ravager x2  
  137  7:59  Overlord x4  
  137  8:01  Roach  
  137  8:02  Roach  
  141  8:10  Roach x5  
  151  8:23  Roach x6  
  151  8:24  Roach x2  
  157  8:38  Roach x3  
  157  8:39  Roach x5  
  155  8:46  Roach x4  
  145  8:55  Roach x7  
  140  9:06  Roach x5  
  148  9:13  Ravager  
  148  9:14  Ravager x3  
  148  9:16  Overseer  
  152  9:22  Roach  
  152  9:23  Roach x8  
  160  9:41  Roach x7  
  160  9:42  Overlord, Roach  
  160  9:43  Overlord x2  
  140  10:04  Roach  
  140  10:05  Roach x12  
  157  10:09  Hive  
  152  10:15  Zergling x12  
  157  10:24  Zerg Missile Weapons Level 2  
  157  10:29  Zergling x2  
  157  10:30  Zergling x22  
  157  10:35  Ravager x2  
  171  10:36  Ravager x2  
  169  10:52  Zergling x28  
  171  11:00  Drone x2  
  171  11:02  Spore Crawler  
  167  11:14  Roach x14  
  191  11:28  Drone x7  
  192  11:50  Viper x3  
  196  12:03  Drone x3, Spine Crawler  
  196  12:04  Hydralisk Den  
  196  12:08  Overseer  
  197  12:11  Extractor  
  181  12:31  Hatchery  

Tags
 
Add a new tag
Caveats
  • Supply blocks, unpowered buildings, or Contaminate may cause inaccurate times.
  • Supply counts are checked every 10 seconds.